 Dungeon Crawl Stone Soup version 0.17-a0-1442-g10bb59b (webtiles) character file.

173 urechis the Poker (level 5, 0/37 HPs)
             Began as a Merfolk Ice Elementalist on June 27, 2015.
             Slain by an orc wizard
             ... wielding a +2 trident of piercing
              (3 damage)
             ... on level 4 of the Dungeon.
             The game lasted 00:08:07 (2769 turns).

urechis the Poker (Merfolk Ice Elementalist)        Turns: 2769, Time: 00:08:07

Health: 0/37       AC:  6    Str: 10    XL:     5   Next: 53%
Magic:  8/8        EV: 13    Int: 14    God:
Gold:   193        SH:  0    Dex: 14    Spells: 3 memorised, 0 levels left

rFire  . . .     SeeInvis .     a - +0 spear
rCold  + . .     Clarity  .     h - +0 leather armour
rNeg   . . .     SustAt   .     (no shield)
rPois  .         Gourm    .     (no helmet)
rElec  .         Spirit   .     (no cloak)
rCorr  .         Warding  .     s - +2 pair of gloves
rMut   .         Stasis   .     (no boots)
MR     .....                    k - amulet of regeneration
Stlth  ++........               o - ring of protection from cold
                                e - +4 ring of slaying

@: not resistant to hostile enchantments, unstealthy
A: change form in water, swift swim
a: no special abilities


You were on level 4 of the Dungeon.
You were very hungry.

You visited 1 branch of the dungeon, and saw 4 of its levels.

You collected 193 gold pieces.

Inventory:

Hand weapons
 a - a +0 spear (weapon)
Armour
 h - a +0 leather armour (worn)
 s - a +2 pair of gloves (worn)
 t - a +0 buckler
Jewellery
 e - a +4 ring of slaying (left hand)
 k - an amulet of regeneration (around neck)
 o - a ring of protection from cold (right hand)
Scrolls
 d - 3 scrolls of blinking {unknown}
 g - 7 scrolls of identify {unknown}
 i - a scroll of teleportation {unknown}
 j - 3 scrolls of remove curse {unknown}
 m - 2 scrolls of fog {unknown}
 n - a scroll of random uselessness {unknown}
 v - a scroll of magic mapping {unknown}
Potions
 f - 3 potions of cancellation {unknown}
 p - a potion of heal wounds {unknown}
 q - 2 potions of might {unknown}
 r - a potion of curing {unknown}
 x - a potion of berserk rage {unknown}
Books
 b - a book of Frost

   Spells                             Type                      Level
   a - Freeze                         Ice                          1
   b - Throw Frost                    Conjuration/Ice              2
   c - Ozocubu's Armour               Charms/Ice                   3
   d - Throw Icicle                   Conjuration/Ice              4
   e - Summon Ice Beast               Ice/Summoning                4
   f - Condensation Shield            Ice                          4
Comestibles
 c - 4 bread rations
 l - 2 meat rations
 w - a beef jerky


   Skills:
 - Level 1.2 Fighting
 + Level 6.3 Polearms
 - Level 3.3 Dodging
 - Level 2.1 Stealth
 - Level 2.0 Spellcasting
   Level 0.7 Conjurations
 - Level 3.6 Ice Magic


You couldn't memorise any spells.
You knew the following spells:

 Your Spells              Type           Power        Failure   Level  Hunger
a - Freeze                Ice            ##..         10%         1    ##.....
b - Ozocubu's Armour      Chrm/Ice       #.......     54%         3    ####...
c - Condensation Shield   Ice            ##........   77%         4    #####..


Dungeon Overview and Level Annotations

Branches:
Dungeon (4/15)
 Temple: D:4-7

Altars:
Ashenzari
Kikubaaqudgha
Nemelex Xobeh
Qazlal

Annotations:
D:4 Pikel


Message History

You hit the orc wizard.
The orc wizard is almost dead.
The slave moves out of view.
The orc priest calls down the wrath of Beogh upon you.
Something smites you!
You hit the orc wizard but do no damage.
The orc wizard is almost dead.
You closely miss the orc wizard.
The orc wizard is almost dead.
The orc priest hits you with a whip of flaming.
* * * LOW HITPOINT WARNING * * *
The orc priest burns you.
* * * LOW HITPOINT WARNING * * *
The orc wizard casts a spell.
The orc wizard blinks!
The orc wizard misses you. The orc wizard misses you.
The orc wizard hits you from afar with a trident of piercing!
* * * LOW HITPOINT WARNING * * *
You die...

# ############# ##.
#o.@........# ### #...
#o#########.# ##.## o.###
#.# #.###.#.##
..#!#.###K#########.##.###..
..###.o.o...............#..#
#.....######..............##
#.#.# #.#.#..#.#####.# #
#......#.# #.# #.#.#..#.#
#.#


You could see an orc priest and an orc wizard.

Vanquished Creatures
  3 slaves (D:4)
  6 adders
  3 gnolls (D:2)
  An ooze (D:2)
  3 worms
  3 giant geckos
  An orc (D:4)
  4 giant cockroaches
  8 goblins
  7 hobgoblins
  7 jackals
  2 quokkas
  2 ball pythons
  9 bats
  3 giant newts (D:3)
  8 kobolds
  7 rats
77 creatures vanquished.

Notes
Turn   | Place    | Note
--------------------------------------------------------------
     0 | D:1      | urechis the Merfolk Ice Elementalist began the quest for the Orb.
     0 | D:1      | Reached XP level 1. HP: 13/13 MP: 3/3
   125 | D:1      | Reached skill level 1 in Fighting
   260 | D:1      | Reached XP level 2. HP: 15/21 MP: 5/5
   287 | D:1      | Found a shattered altar of Ashenzari.
   882 | D:2      | Reached skill level 1 in Polearms
   888 | D:2      | Reached XP level 3. HP: 26/26 MP: 6/6
   930 | D:2      | Found a sparkling altar of Nemelex Xobeh.
  1070 | D:2      | Reached XP level 4. HP: 25/32 MP: 3/7
  1122 | D:2      | Reached skill level 4 in Polearms
  1258 | D:2      | Reached skill level 5 in Polearms
  1628 | D:3      | Reached XP level 5. HP: 35/37 MP: 8/8
  1683 | D:3      | Found an ancient bone altar of Kikubaaqudgha.
  1683 | D:3      | Found a stormy altar of Qazlal.
  1886 | D:3      | Learned a level 3 spell: Ozocubu's Armour
  1891 | D:3      | Learned a level 4 spell: Condensation Shield
  2162 | D:3      | Reached skill level 6 in Polearms
  2649 | D:4      | Noticed a slave
  2650 | D:4      | Noticed a slave
  2670 | D:4      | Killed a slave
  2678 | D:4      | Killed a slave
  2702 | D:4      | Noticed a slave
  2722 | D:4      | Killed a slave
  2759 | D:4      | Noticed Pikel
  2762 | D:4      | Noticed a slave
  2769 | D:4      | Slain by an orc wizard

Vault maps used:
D:1:      minmay_arrival_up_and_down, kennysheep_flooded_box, hex_tiny,
          serial_park_tiny_2
D:2:      lemuel_crystal_altar, first_bread
D:3:      gammafunk_temple_overflow_wave, corexii_hall_statues_u
D:4:      serial_glass, glass_columns_a, glass_columns_c, item_on_display_a,
          due_unseen_surprise, minmay_strange_pillars, uniq_pikel, uniq_natasha

Action                   |  1- 3 |  4- 6 || total
-------------------------+-------+-------++-------
Melee: Unarmed           |    11 |       ||    11
       Club              |     7 |       ||     7
       Spear             |    46 |   149 ||   195
       Dagger            |     6 |       ||     6
 Cast: Freeze            |    10 |    20 ||    30
 Stab: Sleeping          |     1 |     5 ||     6
  Eat: Chunk             |       |     6 ||     6
